 Dungeon Crawl Stone Soup version 0.22-a0-246-gdc04c06 (webtiles) character file.

2174 KristoblXynda the Spear-Bearer (level 9, -3/70 HPs)
             Began as a Grey Draconian Fighter on Feb 22, 2018.
             Was an Initiate of Ru.
             Slain by a two-headed ogre
             ... wielding a +0 giant club
              (16 damage)
             ... on level 8 of the Dungeon.
             The game lasted 00:10:01 (7486 turns).

KristoblXynda the Spear-Bearer (DrFi)               Turns: 7486, Time: 00:10:01

Health: -3/70      AC: 15    Str: 19    XL:     9   Next: 11%
Magic:  9/9        EV: 14    Int: 11    God:    Ru [......]
Gold:   382        SH: 11    Dex: 15    Spells: 8/8 levels left

rFire    . . .     SeeInvis .   t - +2 trident (venom)
rCold    . . .     Gourm    .   b - +0 shield
rNeg     + . .     Faith    .   (armour unavailable)
rPois    .         Spirit   .   (helmet restricted)
rElec    .         Reflect  .   g - +2 cloak {+Inv}
rCorr    .         Harm     .   (no gloves)
MR       .....                  (no boots)
Stlth    +.........             (no amulet)
HPRegen  0.21/turn              q - +4 ring of dexterity
MPRegen  0.11/turn              y - ring of positive energy

@: no status effects
A: walk through water, unfitting armour, unbreathing, cold-blooded, AC +12
a: Renounce Religion, Evoke Invisibility


You were on level 8 of the Dungeon.
You worshipped Ru.
Ru was noncommittal.
You were not hungry.

You visited 2 branches of the dungeon, and saw 9 of its levels.
You also visited: Ossuary.

You collected 382 gold pieces.

Inventory:

Hand Weapons
 t - a +2 trident of venom (weapon)
Armour
 b - a +0 shield (worn)
 g - a +2 cloak of invisibility (worn)
Jewellery
 l - an uncursed ring of protection from magic
 n - an uncursed ring of flight
 q - a +4 ring of dexterity (left hand)
 y - a ring of positive energy (right hand)
Wands
 x - a wand of iceblast (10)
Scrolls
 e - 3 scrolls of teleportation
 f - 11 scrolls of remove curse
 j - 4 scrolls of immolation
 k - 2 scrolls of enchant armour
 p - 2 scrolls of magic mapping
 v - a scroll of enchant weapon
Potions
 c - 3 potions of might
 h - 9 potions of curing
 i - a potion of agility
 m - 3 potions of mutation
 o - 2 potions of berserk rage
 r - a potion of heal wounds
 s - a potion of brilliance
 u - a potion of flight
 w - a potion of cancellation
Comestibles
 z - 2 rations


   Skills:
 - Level 3.2 Fighting
 * Level 8.8 Polearms
 + Level 6.1 Dodging
 + Level 6.7 Shields


You had 8 spell levels left.
You didn't know any spells.

Dungeon Overview and Level Annotations

Branches:
Dungeon (8/15)             Temple (1/1) D:7
   Lair: D:8-11

Altars:
Ashenzari
Cheibriados
Dithmenos
Elyvilon
Fedhas
Gozag
Hepliaklqana
Kikubaaqudgha
Makhleb
Nemelex Xobeh
Okawaru
Qazlal
Ru
Trog
Uskayaw
Vehumet
Wu Jian
Xom
Yredelemnul
Zin
The Shining One

Shops:
D:6 *   D:7 :


Innate Abilities, Weirdness & Mutations

You can walk through water.
Your dull iron-grey scales are very hard. (AC +12)
You cannot fit into any form of body armour.
You can survive without breathing.
You are cold-blooded and may be slowed by cold attacks.


Message History

You hit the two-headed ogre.
The two-headed ogre looks as sick as possible!
The two-headed ogre is heavily wounded.
You hit the two-headed ogre.
The two-headed ogre looks as sick as possible!
Your tail-slap misses the two-headed ogre.
The two-headed ogre is heavily wounded.
The two-headed ogre hits you with a giant club!!
The two-headed ogre completely misses you.
You barely miss the two-headed ogre.
You tail-slap the two-headed ogre, but do no damage.
The two-headed ogre is heavily wounded.
You block the two-headed ogre's attack.
The two-headed ogre hits you with a giant spiked club!
* * * LOW HITPOINT WARNING * * *
You barely miss the two-headed ogre.
You tail-slap the two-headed ogre, but do no damage.
The two-headed ogre is severely wounded.
The two-headed ogre hits you with a giant club!
You die...

#.##.##....#.##..... .
#..........#.##.#### ..
#.##.##.............
...
...........#.##.#### ..
#.##.##.......#.# #
##.#.##.##.###...#..#.#
#
....>...............#.#
# #.#.##.###......#.# #
#...O@..........#.# #
###.##.###......#.####
#.##.# #............
####.###........####
#............# #
#####.#......# #
#.#......# # #.#......#
# .########.#.....## #


You could see a two-headed ogre.

Vanquished Creatures
  Duvessa (D:7)
  An orc warrior (D:7)
  An ogre (D:6)
  2 centaurs
  A gnoll sergeant (D:5)
  3 bullfrogs
  2 scorpions
  Dowan (D:7)
  8 wights (D:7)
  3 crimson imps
  A human zombie (Ossuary)
  A bullfrog zombie (D:5)
  A jelly (D:7)
  2 hounds (D:4)
  An orc priest (D:4)
  Crazy Yiuf (D:3)
  4 iguanas
  Jessica (D:3)
  Terence (D:3)
  2 orc wizards
  6 worker ants
  A big kobold zombie (Ossuary)
  5 mummies (Ossuary)
  A howler monkey zombie (D:7)
  3 adders
  7 gnolls
  2 worms (D:4)
  2 dart slugs
  4 leopard geckos
  27 orcs
  6 giant cockroaches
  3 gnoll zombies (Ossuary)
  7 goblins
  10 hobgoblins
  14 jackals
  2 quokkas
  A ball python (D:2)
  3 bats
  4 frilled lizards
  A goblin zombie (Ossuary)
  A hobgoblin zombie (Ossuary)
  A jackal skeleton (D:7)
  6 kobolds
  A leopard gecko skeleton (D:4)
  A leopard gecko zombie (D:6)
  An orc zombie (Ossuary)
  A quokka skeleton (D:4)
  5 rats
  A rat zombie (D:6)
165 creatures vanquished.

Notes
Turn   | Place    | Note
-------+----------+-------------------------------------------
     0 | D:1      | KristoblXynda the Draconian Fighter began the quest for the Orb.
     0 | D:1      | Reached XP level 1. HP: 19/19 MP: 1/1
    57 | D:1      | Reached XP level 2. HP: 15/26 MP: 2/2
   782 | D:1      | Reached XP level 3. HP: 31/31 MP: 3/3
  1055 | D:2      | Reached skill level 3 in Polearms
  1690 | D:2      | Reached XP level 4. HP: 38/38 MP: 4/4
  1780 | D:3      | Noticed Terence
  1799 | D:3      | Killed Terence
  1829 | D:3      | Reached skill level 4 in Polearms
  1829 | D:3      | Reached XP level 5. HP: 41/45 MP: 5/5
  1907 | D:3      | Found a sparkling altar of Nemelex Xobeh.
  1995 | D:3      | Noticed Jessica
  1997 | D:3      | Killed Jessica
  2313 | D:3      | Found a shimmering altar of Xom.
  2387 | D:3      | Found a runed door.
  2577 | D:3      | Noticed Crazy Yiuf
  2585 | D:3      | Killed Crazy Yiuf
  2688 | D:3      | Found an iron altar of Okawaru.
  2761 | D:4      | Reached XP level 6. HP: 34/51 MP: 6/6
  3092 | D:4      | Reached skill level 5 in Polearms
  3822 | D:5      | Entered Level 5 of the Dungeon
  3840 | D:5      | Found an ancient bone altar of Kikubaaqudgha.
  4191 | D:5      | Your scales start taking on a dull iron-grey colour.
  4191 | D:5      | Reached XP level 7. HP: 46/57 MP: 7/7
  4191 | D:5      | Gained mutation: You can survive without breathing. [Grey Draconian growth]
  4403 | D:5      | Reached skill level 6 in Polearms
  4403 | D:5      | Reached skill level 5 in Shields
  5350 | D:6      | Found a sand-covered staircase.
  5368 | D:6      | Found Ynishy's Assorted Antiques.
  5372 | Ossuary  | Entered an ossuary
  5515 | Ossuary  | Reached skill level 5 in Dodging
  5515 | Ossuary  | Reached XP level 8. HP: 62/63 MP: 8/8
  5784 | D:6      | Reached skill level 7 in Polearms
  6119 | D:7      | Found Vezxebil's Book Shoppe.
  6223 | D:7      | Found a staircase to the Ecumenical Temple.
  6245 | D:7      | Found a white marble altar of Elyvilon.
  6262 | Temple   | Entered the Ecumenical Temple
  6462 | Temple   | Became a worshipper of Ru the Awakened
  6532 | D:7      | Reached skill level 8 in Polearms
  6966 | D:7      | Noticed Duvessa
  6966 | D:7      | Noticed Dowan
  6980 | D:7      | Killed Dowan
  6983 | D:7      | Killed Duvessa
  6983 | D:7      | Reached XP level 9. HP: 37/70 MP: 9/9
  7177 | D:7      | Found an opulent altar of Gozag.
  7472 | D:8      | Noticed a two-headed ogre
  7486 | D:8      | Slain by a two-headed ogre

Vault maps used:
D:1:      dpeg_arrival_more_subterranean_lakeside_camping
D:2:      first_ration, minmay_tripent
D:3:      amethyst_overflow_temple_binary, nemelex_xobeh_ov_fountains_minmay,
          uniq_terence, uniq_crazy_yiuf_cottage, uniq_jessica
D:5:      kennysheep_mini_moat
D:6:      serial_shops, nicolae_shop_overgrown_old_shop, enter_ossuary_3,
          minmay_misc_feat_secret_circle, patterned_corridor
D:7:      marbit_many_paths, overflow_temple_1_default, temple_pool_b,
          serial_shops, shop, uniq_duvessa
D:8:      lemuel_round_altar, uniq_pikel
Temple:   regret_index_temple_sphere_string
Ossuary:  ossuary_crypta

Skill      XL: |  1  2  3  4  5  6  7  8 |
---------------+-------------------------+-----
Dodging        | 3 4 5 6 |  6.1
Polearms       | 3 4 5 6 8 |  8.8
Shields        | 4 5 6 |  6.7
Fighting       | |  3.2

Action                   |  1- 3 |  4- 6 |  7- 9 || total
-------------------------+-------+-------+-------++-------
Melee: Trident           |   147 |   256 |   289 ||   692
       Tailslap          |    10 |    37 |    49 ||    96
  Use: Scroll            |       |    13 |    11 ||    24
       Potion            |       |     1 |       ||     1
 Stab: Sleeping          |       |     3 |     4 ||     7
  Eat: Chunk             |     3 |     5 |     7 ||    15
       Ration            |       |     1 |     1 ||     2
Armor: Skin              |    65 |    55 |    52 ||   172
Dodge: Dodged            |    72 |    79 |    79 ||   230
Block: Shield            |    75 |   103 |    97 ||   275

Table legend:
 A = Spawn XP
 B = Non-spawn XP
 C = Spawn XP percentage of total XP
 D = Spawn monster count
 E = Non-spawn monster count
 F = Spawn count percentage of total count
 G = Total turns spent on level
                    A         B        C        D         E        F      G
               +---------+---------+-------+---------+---------+-------+---------
         Total |       0 |    3106 |   0.0 |       0 |     165 |   0.0 |  7486
               +---------+---------+-------+---------+---------+-------+---------
           D:1 |       0 |      47 |   0.0 |       0 |      19 |   0.0 |  1006
           D:2 |       0 |      51 |   0.0 |       0 |      26 |   0.0 |   724
           D:3 |       0 |     266 |   0.0 |       0 |      31 |   0.0 |   986
           D:4 |       0 |     245 |   0.0 |       0 |      19 |   0.0 |  1106
           D:5 |       0 |     456 |   0.0 |       0 |      16 |   0.0 |  1493
           D:6 |       0 |     452 |   0.0 |       0 |      13 |   0.0 |   549
           D:7 |       0 |    1377 |   0.0 |       0 |      26 |   0.0 |   897
           D:8 |       0 |      39 |   0.0 |       0 |       2 |   0.0 |   244
       Ossuary |       0 |     173 |   0.0 |       0 |      13 |   0.0 |   255
               +---------+---------+-------+---------+---------+-------+---------
